 Dungeon Crawl Stone Soup version 0.26-a0-576-gcfaa98f945 (webtiles) character file.

Game seed: 16801903242658407702

23979 windowsill the Black Sun (level 13, -4/118 HPs)
             Began as a Naga Ice Elementalist on Aug 22, 2020.
             Was a High Priest of Kikubaaqudgha.
             Slain by an orc warrior
             ... wielding a +0 battleaxe
             ... led by an orc warlord
              (23 damage)
             ... on level 1 of the Orcish Mines.
             The game lasted 00:40:43 (15654 turns).

windowsill the Black Sun (Naga Ice Elementalist)   Turns: 15654, Time: 00:40:43

Health: -4/118     AC: 11    Str: 17    XL:     13   Next: 10%
Magic:  16/25      EV: 10    Int: 20    God:    Kikubaaqudgha [*****.]
Gold:   1122       SH:  4    Dex: 14    Spells: 3/29 levels left

rFire    + . .     SeeInvis +   S - +6 scimitar "Ygrisod" {elec, rPois Dex+2 SInv}
rCold    + + .     Faith    .   T - +0 buckler
rNeg     . . .     Spirit   .   J - +2 robe {rC+}
rPois    +         Reflect  .   W - +2 helmet {SInv}
rElec    .         Harm     .   y - scarf {rC+ rF+}
rCorr    .                      n - +0 pair of gloves
MR       +....                  (no barding)
Stlth    +++.......             c - amulet of magic regeneration
HPRegen  0.29/turn              p - +6 ring of strength
MPRegen  0.44/turn              B - ring of wizardry

@: very slow
A: large, see invisible, deformed body, poison resistance, slowness 2, spit
poison 1, constrict 1, AC +4
a: Spit Poison, Receive Corpses, Torment, Renounce Religion


You were on level 1 of the Orcish Mines.
You worshipped Kikubaaqudgha.
Kikubaaqudgha was extremely pleased with you.
You visited 2 branches of the dungeon, and saw 14 of its levels.

You collected 1420 gold pieces.
You spent 298 gold pieces at shops.

Inventory:

Hand Weapons
 R - a +1 arbalest of flaming
 S - the +6 scimitar "Ygrisod" (weapon) {elec, rPois Dex+2 SInv}
   (You found it on level 9 of the Dungeon)

   Occasionally, upon striking a foe, it will discharge some electrical energy
   and cause terrible harm.
   It affects your dexterity (+2).
   It protects you from poison.
   It lets you see invisible.
Missiles
 q - 70 poisoned darts
 D - 8 silver boomerangs
 E - 6 silver javelins
 L - 24 boomerangs (quivered)
Armour
 n - a +0 pair of gloves (worn)
 r - a +0 troll leather armour
 y - a scarf of resistance (worn)
 F - +0 acid dragon scales
 J - a +2 robe of cold resistance (worn)
 T - a +0 buckler (worn)
 W - a +2 helmet of see invisible (worn)
Magical Staves
 G - an uncursed staff of death
 P - an uncursed staff of cold
Jewellery
 c - an amulet of magic regeneration (around neck)
 p - a +6 ring of strength (left hand)
 B - a ring of wizardry (right hand)
 C - an uncursed ring of positive energy
 X - an uncursed ring of ice
 Z - an uncursed ring of flight
Wands
 b - a wand of iceblast (18)
 h - a wand of paralysis (16)
 K - a wand of disintegration (14)
 O - a wand of digging (3)
 U - a wand of flame (15)
Scrolls
 a - 2 scrolls of summoning
 e - 3 scrolls of immolation
 g - 2 scrolls of blinking
 i - 2 scrolls of enchant weapon
 j - 9 scrolls of remove curse
 m - 2 scrolls of enchant armour
 s - 5 scrolls of teleportation
 w - 2 scrolls of magic mapping
 A - 3 scrolls of fog
Potions
 d - 2 potions of stabbing
 f - 3 potions of flight
 k - 3 potions of curing
 l - 2 potions of lignification
 o - 3 potions of berserk rage
 t - a potion of ambrosia
 u - 4 potions of haste
 x - a potion of resistance {unknown}
 z - a potion of might
 H - 2 potions of mutation
 I - a potion of cancellation {unknown}
 Q - a potion of heal wounds
 V - a potion of magic
Miscellaneous
 Y - a phial of floods


   Skills:
 + Level 8.7 Fighting
 - Level 2.1 Staves
 - Level 1.5 Dodging
 - Level 7.0 Stealth
 - Level 2.4 Shields
 - Level 8.9 Spellcasting
 - Level 2.8 Summonings
 - Level 11.3 Necromancy
 - Level 9.2 Ice Magic
 - Level 7.2 Earth Magic


You had 3 spell levels left.
You knew the following spells:

 Your Spells              Type           Power        Failure   Level
a - Freeze                Ice            ####         1%          1
b - Frozen Ramparts       Ice            #####.       1%          3
c - Summon Ice Beast      Ice/Summ       ####....     2%          4
d - Ozocubu's Armour      Ice            #####...     1%          3
e - Borgnjor's Vile Clut  Necr/Erth      #####.....   1%          5
f - Dispel Undead         Necr           ######..     1%          4
g - Simulacrum            Ice/Necr       ######....   7%          6

Your spell library contained the following spells:

 Spells                   Type           Power        Failure   Level
 Pain                     Necr           ####         1%          1
 Summon Small Mammal      Summ           ###.         1%          1
 Call Imp                 Summ           ###.....     1%          2
 Corpse Rot               Necr/Air       N/A          1%          2
 Ensorcelled Hibernation  Hex/Ice        ####..       1%          2
 Sublimation of Blood     Necr           ######....   1%          2
 Vampiric Draining        Necr           ######....   1%          3
 Call Canine Familiar     Summ           ###.....     2%          3
 Corona                   Hex            #......      3%          1
 Summon Guardian Golem    Hex/Summ       ##......     5%          3
 Confusing Touch          Hex            #.......     10%         3
 Dazzling Flash           Conj/Hex       #.....       10%         3
 Tukima's Dance           Hex            #.......     10%         3
 Excruciating Wounds      Necr           ######....   1%          5
 Hailstorm                Conj/Ice       ####....     4%          4
 Death Channel            Necr           ######....   4%          6
 Summon Lightning Spire   Summ/Air       ##......     16%         4


Dungeon Overview and Level Annotations

Branches:
Dungeon (12/15)            Temple (0/1) D:4            Lair (0/6) D:10
    Orc (2/2) D:9             Elf (0/3) Orc:2

Altars:
Ashenzari
Dithmenos
Elyvilon
Fedhas
Hepliaklqana
Kikubaaqudgha
Makhleb
Nemelex Xobeh
Qazlal
Ru
Trog
Wu Jian
Xom
Yredelemnul
Zin
The Shining One

Shops:
D:4 [   D:10 :   D:12 !   Orc:2 *


Innate Abilities, Weirdness & Mutations

You cannot wear boots.
Your serpentine skin is tough. (AC +4)
You have supernaturally acute eyesight. (SInv)
Armour fits poorly on your strangely shaped body.
Your system is resistant to poisons. (rPois)
You cover ground very slowly.
You can spit poison.
You can use your snake-like lower body to constrict enemies.


Message History

* * * LOW HITPOINT WARNING * * *
The orc hits you but does no damage. The ogre barely misses you.
The orc warrior hits you with a +0 dire flail!
* * * LOW HITPOINT WARNING * * *
Unknown command.
As you read the scroll of fear, it crumbles to dust.
You assume a fearsome visage.
The orc wizard looks frightened!
The ogre looks frightened!
The orc warrior looks frightened! x2
The orc looks frightened!
The zombie hands constrict the orc warrior, but do no damage.
The orc wizard mumbles some strange words.
The orc wizard flickers and vanishes for a moment.
The orc warrior struggles to escape constriction.
You hit the orc warrior.
Your attack snaps the orc warrior out of its fear.
The orc warrior is heavily wounded.
The zombie hands constrict the orc warrior!
The orc warrior hits you with a +0 battleaxe!!
You die...
Kikubaaqudgha rasps: "You have failed me!
Welcome... death!"

.###.#...##....###......##...#
..##.......#....#.......#....#
....................#..#....##
.........#...................##
............)#................#
.#...........o.......##..###.##
.....#.....#......o...#...####
.#.##......##..)o....###.##
....#..#........@)...##...#
.#.#...........)[[)...##.##
#####.##.##..#o#†.O..##### #
##################


You could see 2 orc warriors, an ogre (fleeing), an orc wizard (invisible,
fleeing) and an orc (fleeing).

Vanquished Creatures
  Fannar (D:11)
  A death knight (D:12)
  2 two-headed ogres
  A skeletal warrior (D:12)
  A wizard (D:10)
  2 deep elf magi (D:12)
  An ugly thing (D:10)
  A cane toad (shapeshifter) (D:10)
  A kobold demonologist (D:12)
  A freezing wraith (D:12)
  A komodo dragon (D:10)
  A tengu conjurer (D:10)
  3 trolls
  Prince Ribbit (D:5)
  A slime creature (D:10)
  5 hippogriffs
  A wraith (D:10)
  4 yaks (D:11)
  A shadow (D:10)
  2 wyverns
  A warg (Orc:1)
  A water moccasin (D:10)
  7 orc warriors
  A nameless horror (D:6)
  5 ice beasts
  A black bear (D:7)
  4 sky beasts
  9 ogres
  An eye of draining (D:9)
  A necrophage (D:9)
  10 centaurs
  A big kobold (D:7)
  7 bullfrogs
  A wyvern skeleton (D:10)
  6 scorpions
  12 killer bees (D:9)
  4 wights (D:9)
  2 vampire bats (D:2)
  A bullfrog zombie (D:12)
  A crimson imp (D:4)
  A quasit (D:7)
  2 centaur skeletons
  12 orc wizards
  6 hounds
  3 jellies (D:6)
  5 orc priests
  3 bullfrog skeletons
  3 iguanas
  12 worker ants
  A hound zombie (D:7)
  3 worker ant zombies
  8 gnolls
  A howler monkey skeleton (D:10)
  10 adders
  3 shadow imps
  3 white imps
  2 ufetubi
  An ooze (D:2)
  2 adder skeletons
  2 dart slugs
  3 worms
  5 leopard geckos
  49 orcs
  4 bat skeletons (D:2)
  A bat zombie (D:2)
  2 giant cockroaches (D:2)
  10 goblins
  7 hobgoblins
  5 jackals (D:6)
  11 quokkas
  A ball python (D:7)
  7 bats
  A frilled lizard (D:4)
  2 gnoll zombies (D:4)
  6 kobolds
  A leopard gecko skeleton (D:7)
  2 quokka zombies
  4 rats
312 creatures vanquished.

Vanquished Creatures (collateral kills)
  Maggie (D:6)
  2 hippogriffs (D:7)
  A wraith (D:9)
  2 phantoms
  2 wights (D:9)
  A worker ant (D:7)
  An adder skeleton (D:9)
  An orc (D:7)
11 creatures vanquished.

Vanquished Creatures (others)
  A gnoll (D:6)
  7 plants (D:10)
8 creatures vanquished.

Grand Total: 331 creatures vanquished

Notes
Turn   | Place    | Note
-------+----------+-------------------------------------------
     0 | D:1      | windowsill the Naga Ice Elementalist began the quest for
                  | the Orb.
     0 | D:1      | Reached XP level 1. HP: 15/15 MP: 3/3
    99 | D:1      | You fall into a shaft and drop 1 floor!
   445 | D:2      | Found an ornate altar of the Wu Jian Council.
   445 | D:2      | Found a sparkling altar of Nemelex Xobeh.
   603 | D:2      | Reached XP level 2. HP: 22/22 MP: 5/5
  1030 | D:1      | Reached XP level 3. HP: 25/28 MP: 1/6
  1037 | D:1      | Learned a level 3 spell: Frozen Ramparts
  1143 | D:1      | Reached skill level 5 in Ice Magic
  1705 | D:2      | Found a white marble altar of Elyvilon.
  2031 | D:2      | Reached XP level 4. HP: 33/36 MP: 4/7
  2297 | D:2      | You fall into a shaft and drop 1 floor!
  2517 | D:2      | Found an ancient bone altar of Kikubaaqudgha.
  2524 | D:2      | Reached XP level 5. HP: 26/42 MP: 2/10
  2662 | D:2      | Became a worshipper of Kikubaaqudgha
  2705 | D:3      | Found a glowing silver altar of Zin.
  3277 | D:3      | Found a sacrificial altar of Ru.
  3663 | D:4      | Found a basalt altar of Yredelemnul.
  3682 | D:4      | Found a bloodstained altar of Trog.
  3695 | D:4      | Found a shadowy altar of Dithmenos.
  3926 | D:4      | Found Nafoebbody's Armour Boutique.
  3937 | D:4      | Bought a +0 pair of gloves for 58 gold pieces
  3983 | D:4      | Found a staircase to the Ecumenical Temple.
  4240 | D:4      | Noticed an ogre
  4248 | D:4      | Killed an ogre
  4248 | D:4      | Reached XP level 6. HP: 49/49 MP: 8/13
  4274 | D:4      | Learned a level 4 spell: Summon Ice Beast
  4455 | D:4      | Found a blossoming altar of Fedhas.
  4662 | D:4      | Found a burning altar of Makhleb.
  4663 | D:4      | Found a shimmering altar of Xom.
  4665 | D:4      | Reached XP level 7. HP: 55/55 MP: 12/14
  4758 | D:5      | Entered Level 5 of the Dungeon
  4759 | D:5      | Found a hazy altar of Hepliaklqana.
  5054 | D:5      | Noticed Prince Ribbit
  5067 | D:5      | Killed Prince Ribbit
  5198 | D:5      | Reached skill level 1 in Fighting
  5275 | D:5      | Found a sparkling altar of Nemelex Xobeh.
  5372 | D:5      | Reached XP level 8. HP: 55/68 MP: 10/15
  5515 | D:5      | Reached * piety under Kikubaaqudgha
  5515 | D:5      | Identified Kikubaaqudgha's Grimoire of Darkness
                  | (Kikubaaqudgha gifted it to you on level 5 of the Dungeon)
  5515 | D:5      | Received a gift from Kikubaaqudgha
  5907 | D:6      | Noticed a nameless horror
  5909 | D:6      | Killed a nameless horror
  5918 | D:6      | Noticed Maggie
  5929 | D:6      | Killed Maggie
  6235 | D:6      | Found a shattered altar of Ashenzari.
  6349 | D:6      | Reached XP level 9. HP: 65/79 MP: 16/16
  6427 | D:6      | Found a glowing golden altar of the Shining One.
  6440 | D:6      | Reached ** piety under Kikubaaqudgha
  6511 | D:7      | Reached skill level 1 in Necromancy
  6561 | D:7      | Reached skill level 2 in Necromancy
  6567 | D:7      | Reached skill level 3 in Necromancy
  6773 | D:7      | Reached skill level 4 in Necromancy
  6811 | D:7      | Reached skill level 5 in Necromancy
  7086 | D:7      | Reached skill level 5 in Stealth
  7466 | D:8      | Reached *** piety under Kikubaaqudgha
  7466 | D:8      | Identified Kikubaaqudgha's Guide on Evil Rituals
                  | (Kikubaaqudgha gifted it to you on level 8 of the Dungeon)
  7466 | D:8      | Received a gift from Kikubaaqudgha
  8161 | D:9      | Reached skill level 6 in Necromancy
  8195 | D:9      | Found a stormy altar of Qazlal.
  8252 | D:9      | Reached XP level 10. HP: 56/87 MP: 17/17
  8260 | D:9      | Learned a level 5 spell: Excruciating Wounds
  8266 | D:9      | Learned a level 5 spell: Borgnjor's Vile Clutch
  8522 | D:9      | Reached skill level 5 in Spellcasting
  8627 | D:9      | Found a staircase to the Orcish Mines.
  9158 | D:9      | Reached skill level 1 in Earth Magic
  9309 | D:9      | Reached **** piety under Kikubaaqudgha
 10207 | D:9      | Noticed a two-headed ogre
 10214 | D:9      | Killed a two-headed ogre
 10424 | D:9      | Reached skill level 7 in Necromancy
 10500 | D:9      | Got a twisted scimitar
 10501 | D:9      | Identified the +6 scimitar "Ygrisod" {elec, rPois Dex+2
                  | SInv} (You found it on level 9 of the Dungeon)
 10544 | D:10     | Entered Level 10 of the Dungeon
 10762 | D:10     | Found a staircase to the Lair.
 10952 | D:10     | Reached skill level 8 in Necromancy
 11033 | D:10     | Found Beylit's Book Shop.
 11248 | D:10     | Reached XP level 11. HP: 89/93 MP: 20/20
 11409 | D:10     | Reached skill level 9 in Necromancy
 11417 | D:10     | Learned a level 4 spell: Dispel Undead
 11462 | D:10     | Noticed a cyan ugly thing
 11472 | D:10     | Killed a cyan ugly thing
 11547 | D:10     | Noticed a wizard
 11553 | D:10     | Killed a wizard
 11558 | D:10     | Reached skill level 10 in Necromancy
 12274 | D:11     | Reached XP level 12. HP: 109/109 MP: 20/23
 12571 | D:11     | Noticed Fannar
 13337 | D:11     | Learned a level 6 spell: Simulacrum
 13349 | D:11     | Killed Fannar
 13538 | D:12     | Noticed a death knight
 13552 | D:12     | Reached skill level 1 in Shields
 13566 | D:12     | Killed a death knight
 13569 | D:12     | Reached skill level 11 in Necromancy
 14312 | D:12     | Found Ycuegel's Distillery.
 14319 | D:12     | Gained mutation: You can use your snake-like lower body to
                  | constrict enemies. [Naga growth]
 14319 | D:12     | Reached XP level 13. HP: 115/117 MP: 6/25
 14330 | D:12     | Bought a potion of ambrosia for 120 gold pieces
 14330 | D:12     | Bought a potion of mutation for 120 gold pieces
 14533 | D:12     | Learned a level 3 spell: Ozocubu's Armour
 14634 | Orc:1    | Entered Level 1 of the Orcish Mines
 15066 | Orc:1    | Reached ***** piety under Kikubaaqudgha
 15209 | Orc:2    | Entered Level 2 of the Orcish Mines
 15209 | Orc:2    | Found Deloqic's Mass Market.
 15209 | Orc:2    | Found a staircase to the Elven Halls.
 15654 | Orc:1    | Slain by an orc warrior

Illustrated notes

Levels and vault maps discovered:
D:1:      wander_arrival_fairy_ring, layout_basic
D:2:      layout_basic, chequers_temple_overflow_statue_of_worship,
          elyvilon_altar_5, kennysheep_vampire_church, st_stairs_12
D:3:      layout_loops_ring, zin_treasury, marbit_many_paths
D:4:      layout_cave_pools, grunt_temple_overflow_champion_of_chaos,
          lemuel_zombie_altar_yredelemnul, lemuel_crystal_altar,
          kennysheep_little_box, nicolae_dithmenos_the_darkroom,
          minmay_temple_entry_statues_pillars, serial_shops, shop,
          minmay_misc_feat_ornament, nzn_random_ring
D:5:      layout_rooms, overflow_temple_1_default,
          minmay_misc_feat_more_columns, nemelex_lonely_heart_becter,
          uniq_prince_ribbit1
D:6:      layout_rooms, nicolae_tso_swordbearing_angel,
          overflow_temple_1_default, uniq_maggie
D:7:      layout_basic
D:8:      layout_cave_pools
D:9:      layout_loops_ring, lemuel_crystal_altar, orc_0_dummy,
          minmay_diamond_spiral
D:10:     hangedman_cross_veins, layout_irregular_city, david_lair_shrubbed,
          serial_shops, nicolae_shop_temple_entry_statues_fountains
D:11:     layout_irregular_city, minmay_misc_feat_five, uniq_fannar
D:12:     layout_roguey, serial_shops, shop
Orc:1:    layout_caves
Orc:2:    st_orc_mages, layout_caves, minmay_shop_mass

Skill      XL: |  1  2  3  4  5  6  7  8  9 10 11 12 13 |
---------------+----------------------------------------+-----
Ice Magic      | 5 7 9 |  9.2
Spellcasting   | 3 4 6 7 8 |  8.9
Summonings     | 2 |  2.8
Fighting       | 2 4 7 8 |  8.7
Necromancy     | 6 8 10 11 | 11.3
Stealth        | 7 |  7.0
Earth Magic    | 4 7 |  7.2
Staves         | 2 |  2.1
Shields        | 2 |  2.4
Dodging        | |  1.5

Action                   |  1- 3 |  4- 6 |  7- 9 | 10-12 | 13-15 || total
-------------------------+-------+-------+-------+-------+-------++-------
Melee: Whip              |    46 |    95 |       |       |       ||   141
       Unarmed           |     3 |       |       |       |       ||     3
       Dagger            |       |       |   262 |    69 |       ||   331
       Hand axe          |       |       |       |    75 |       ||    75
       Scimitar          |       |       |       |   140 |    27 ||   167
       Staff             |       |       |       |    34 |       ||    34
       Constrict         |       |       |       |       |     7 ||     7
Throw: Dart              |       |     4 |    11 |       |       ||    15
       Boomerang         |       |       |       |     4 |       ||     4
 Cast: Freeze            |    29 |    11 |     9 |       |       ||    49
       Frozen Ramparts   |     2 |    10 |    25 |    29 |     3 ||    69
       Summon Ice Beast  |       |       |    10 |    13 |       ||    23
       Excruciating Woun |       |       |       |     1 |       ||     1
       Borgnjor's Vile C |       |       |       |    21 |    10 ||    31
       Dispel Undead     |       |       |       |     3 |       ||     3
       Ozocubu's Armour  |       |       |       |       |     1 ||     1
 Abil: Spit Poison       |       |       |     9 |       |       ||     9
Evoke: Wand              |       |       |       |     1 |       ||     1
  Use: Scroll            |       |     7 |     5 |     6 |     1 ||    19
       Potion            |       |       |       |     9 |       ||     9
 Stab: Sleeping          |     6 |     2 |     5 |    15 |       ||    28
       Paralysed         |       |       |     5 |       |       ||     5
Armor: Robe              |    16 |    60 |    20 |     9 |    32 ||   137
       Acid dragon scale |       |       |   104 |   166 |       ||   270
Dodge: Dodged            |    42 |    99 |   148 |   204 |    44 ||   537
Block: Buckler           |       |       |       |     3 |    14 ||    17
       Rpst.: Scimitar   |       |       |       |    26 |    12 ||    38

Table legend: (Time is in decaauts)
 A = Elapsed time spent in this place.
 B = Non-inter-level travel time spent in this place.
 C = Inter-level travel time spent in this place.
 D = Time resting spent in this place.
 E = Time spent auto-exploring this place.
 F = Levels seen in this place.
 G = Mean time per level.
                   A        B        C        D        E       F      G
               +--------+--------+--------+--------+--------+-----+--------+
         Total |  18540 |  17869 |    671 |   3398 |  11339 |  14 | 1324.3 |
       Dungeon |  17620 |  16949 |    671 |   3004 |  10950 |  12 | 1468.3 |
  Orcish Mines |    920 |    920 |      0 |    394 |    388 |   2 |  460.0 |
               +--------+--------+--------+--------+--------+-----+--------+

Top non-repeatable levels by time:
     D:9: 2964 daAuts
    D:10: 2043 daAuts
     D:2: 2017 daAuts
     D:4: 1580 daAuts
    D:12: 1497 daAuts
    D:11: 1337 daAuts
     D:5: 1196 daAuts
     D:3: 1135 daAuts
     D:8: 1097 daAuts
     D:1: 1018 daAuts
   Orc:1: 894 daAuts
     D:6: 879 daAuts
     D:7: 853 daAuts
   Orc:2: 25 daAuts
